AoeStats
← Wenneshow

QS Arena

503675321Analyzed
4v4 RM · 29d ago on Sep 1, 2026· 58m 37s· 8 players
Game mode
Random Map
Map size
Large (8 player)
Population
200
Speed
Normal
Resources
Standard
Victory
Conquest
Starting age
Dark Age
Ending age
Imperial Age
RankedLock teamsTeams togetherTeam positionsShared explorationLock speedFull tech treeHidden civsTurbo modeCheats
Victory
Defeat
🇨🇦 Japanese · Canada
1192
+12
🇸🇪 Bohemians · Sweden
1182
+13
🇻🇳 Georgians · Vietnam
1152
+14
🇻🇳 Hindustanis · Vietnam
1117
+15
🇦🇷 Japanese · Argentina
1124
-14
🇨🇾 Burgundians · Cyprus
1110
-14
🇦🇷 Teutons · Argentina
1103
-13
🇬🇧 Goths · United Kingdom
1084
-13
[ESTG] Daupoch
2:31 Loom
6:31 Loom
8:17 Feudal Age
9:00 Man-at-Arms
9:26 Arson
9:29 Horse Collar
9:38 Double-Bit Axe
11:12 Scale Mail Armor
16:04 Wheelbarrow
15:44 Forging
16:04 Fletching
17:23 Gold Mining
21:03 Castle Age
19:42 Gold Mining
21:36 Gambesons
21:12 Long Swordsman
22:10 Chain Mail Armor
22:05 Squires
28:36 Iron Casting
28:21 Bow Saw
31:41 Gold Shaft Mining
31:12 Heavy Plow
32:20 Pikeman
35:49 Imperial Age
35:44 Hand Cart
37:24 Plate Mail Armor
37:55 Blast Furnace
36:19 Halberdier
36:53 Two-Handed Swordsman
37:49 Champion
43:15 Two-Man Saw
43:54 Fortified Wall
43:51 Siege Engineers
43:56 Masonry
43:27 Treadmill Crane
45:40 Bodkin Arrow
46:37 Scale Barding Armor
46:29 Capped Ram
47:33 Stone Mining
52:28 Murder Holes
55:10 Conscription
55:33 Hoardings
56:33 Ballistics
57:13 Chemistry
56:36 Bracer
56:38 Padded Archer Armor
57:02 Elite Skirmisher
58:21 Leather Archer Armor
Termin8or3000Xtreme
0:28 Loom
7:53 Feudal Age
8:34 Double-Bit Axe
15:11 Castle Age
14:47 Horse Collar
16:51 Wheelbarrow
16:28 Bow Saw
17:09 Fervor
18:52 Hand Cart
18:40 Heavy Plow
22:43 Stone Mining
28:00 Imperial Age
25:17 Town Watch
25:29 Gold Mining
28:26 Masonry
28:37 Ballistics
28:13 Murder Holes
28:29 Forging
28:20 Scale Mail Armor
29:54 Two-Man Saw
29:25 Crop Rotation
29:22 Anarchy
29:43 Conscription
28:44 Elite Huskarl
31:07 Iron Casting
30:47 Chain Mail Armor
30:49 Squires
32:50 Blast Furnace
31:40 Fletching
32:23 Architecture
32:54 Chemistry
31:58 Perfusion
37:42 Bodkin Arrow
38:34 Bracer
41:28 Pikeman
42:08 Halberdier
JonnyD
8:35 Feudal Age
13:20 Castle Age
12:27 Double-Bit Axe
17:32 Horse Collar
18:37 Bow Saw
18:58 Heavy Plow
19:37 Wheelbarrow
18:48 Town Watch
18:49 Loom
19:30 Gold Mining
20:45 Hand Cart
26:25 Imperial Age
23:46 Cavalier
24:27 Husbandry
25:26 Crop Rotation
25:26 Ballistics
25:31 Scale Barding Armor
25:38 Forging
26:15 Fortified Wall
27:35 Two-Man Saw
29:05 Chain Barding Armor
29:22 Iron Casting
28:54 Murder Holes
28:54 Treadmill Crane
29:26 Masonry
30:05 Gold Shaft Mining
29:24 Stone Mining
29:36 Town Patrol
29:58 Fletching
31:02 Plate Barding Armor
32:17 Blast Furnace
31:45 Bodkin Arrow
32:46 Architecture
33:40 Herbal Medicine
33:12 Paladin
36:05 Chemistry
35:39 Light Cavalry
38:07 Bracer
38:50 Padded Archer Armor
38:51 Scale Mail Armor
39:13 Bombard Tower
38:46 Guard Tower
38:42 Arrowslits
39:11 Fervor
45:44 Hussar
46:20 Capped Ram
49:26 Elite Skirmisher
51:50 Leather Archer Armor
51:51 Chain Mail Armor
54:24 Plate Mail Armor
BITCOIN_
7:40 Feudal Age
8:24 Horse Collar
12:05 Wheelbarrow
11:55 Loom
14:57 Castle Age
13:23 Double-Bit Axe
13:39 Gold Mining
14:32 Loom
16:04 Bow Saw
16:21 Hand Cart
16:13 Heavy Plow
19:45 Stone Mining
25:02 Imperial Age
23:59 Scale Barding Armor
24:16 Forging
25:23 Cavalier
26:41 Iron Casting
26:30 Chain Barding Armor
27:23 Bloodlines
28:22 Blast Furnace
29:26 Plate Barding Armor
28:28 Paladin
29:50 Conscription
40:19 Fortified Wall
45:38 Man-at-Arms
46:06 Gambesons
46:12 Pikeman
46:54 Squires
46:42 Arson
47:00 Scale Mail Armor
48:01 Halberdier
49:39 Chain Mail Armor
49:18 Elite Skirmisher
50:00 Padded Archer Armor
49:52 Fletching
54:38 Bodkin Arrow
56:05 Chemistry
Wenneshow
8:26 Feudal Age
12:25 Castle Age
10:20 Double-Bit Axe
12:44 Horse Collar
15:26 Wheelbarrow
15:37 Loom
17:00 Bow Saw
18:52 Heavy Plow
21:04 Fervor
22:28 Hand Cart
23:42 Town Watch
26:59 Imperial Age
28:13 Chemistry
27:25 Masonry
26:58 Treadmill Crane
27:39 Ballistics
27:59 Hussite Reforms
28:20 Conscription
28:36 Fletching
28:23 Elite Hussite Wagon
29:36 Wagenburg Tactics
30:24 Pikeman
31:04 Squires
31:04 Bodkin Arrow
31:09 Scale Mail Armor
30:53 Halberdier
31:18 Arson
31:43 Scale Mail Armor
31:46 Bracer
33:19 Chain Mail Armor
33:16 Forging
33:35 Masonry
35:10 Two-Man Saw
36:01 Murder Holes
37:41 Architecture
39:29 Redemption
39:48 Illumination
39:25 Devotion
43:45 Block Printing
43:52 Sanctity
43:49 Redemption
47:45 Fortified Wall
47:59 Padded Archer Armor
49:23 Leather Archer Armor
49:35 Houfnice
55:15 Ring Archer Armor
Tin's
9:04 Feudal Age
14:12 Castle Age
12:34 Double-Bit Axe
12:34 Horse Collar
15:38 Bow Saw
16:39 Wheelbarrow
21:35 Heavy Plow
23:23 Hand Cart
22:55 Town Watch
24:46 Gold Mining
24:46 Stone Mining
25:46 Loom
26:45 Gold Shaft Mining
26:45 Stone Shaft Mining
30:11 Imperial Age
28:05 Husbandry
28:14 Scale Barding Armor
28:19 Forging
29:06 Bloodlines
29:15 Masonry
29:15 Fortified Wall
29:34 Chain Barding Armor
31:54 Chemistry
31:15 Ballistics
30:58 Padded Archer Armor
30:48 Fletching
32:13 Plate Barding Armor
32:18 Thumb Ring
31:48 Heavy Camel Rider
35:40 Imperial Camel Rider
41:09 Grand Trunk Road
42:57 Conscription
45:28 Hoardings
46:24 Pikeman
47:04 Squires
47:39 Scale Mail Armor
48:14 Iron Casting
51:44 Caravan
55:02 Coinage
57:53 Town Patrol
Burger Meister
3:42 Loom
9:09 Feudal Age
13:32 Castle Age
11:24 Double-Bit Axe
11:28 Horse Collar
13:31 Wheelbarrow
14:41 Bow Saw
19:43 Hand Cart
21:32 Stone Mining
21:33 Gold Mining
23:39 Forging
23:29 Scale Mail Armor
24:38 Gold Shaft Mining
25:11 Iron Casting
24:22 Pikeman
25:20 Chain Mail Armor
25:39 Loom
29:46 Imperial Age
27:15 Town Watch
29:58 Fletching
30:35 Ballistics
29:56 Halberdier
31:40 Blast Furnace
31:10 Plate Mail Armor
31:50 Chemistry
32:08 Elite Samurai
34:51 Yasama
37:24 Bodkin Arrow
38:42 Town Patrol
53:29 Kataparuto
Phu Thuy
1:58 Loom
8:38 Feudal Age
12:24 Castle Age
11:55 Double-Bit Axe
11:51 Horse Collar
17:33 Bow Saw
18:02 Wheelbarrow
23:17 Fletching
28:17 Hand Cart
28:11 Bodkin Arrow
34:37 Forging
34:28 Scale Mail Armor
35:40 Squires
35:03 Pikeman
36:19 Iron Casting
36:20 Svan Towers
54:46 Imperial Age
52:07 Town Watch
54:54 Ballistics
54:30 Murder Holes
54:16 Treadmill Crane
55:26 Heavy Scorpion
Connection lost

Rejoining the realm…

Still unreachable

The connection could not be restored.

Session expired

The server has moved on; the page needs a fresh start.